 Dungeon Crawl Stone Soup version 0.30.1-3-gfc49f6343a (webtiles) character file.

Game seed: 2794514562463431939

404 Gabide the Shooter (level 6, -1/76 HPs)
             Began as a Demigod Warper on July 21, 2023.
             Succumbed to a killer bee's poison
             ... on level 5 of the Dungeon.
             The game lasted 00:08:18 (4682 turns).

Gabide the Shooter (Demigod Warper)                 Turns: 4682, Time: 00:08:18

Health: -1/76      AC:  6    Str: 12    XL:     6   Next: 30%
Magic:  13/13      EV: 12    Int: 23    God:
Gold:   24         SH:  0    Dex: 13    Spells: 9/11 levels left

rFire   . . .        b - +2 short sword (drain)
rCold   . . .        (no shield)
rNeg    . . .        i - +0 leather armour
rPois   .            (no helmet)
rElec   .            (no cloak)
rCorr   .            e - +2 pair of gloves
SInv    .            (no boots)
Will    .....        (no amulet) Stlth
                     (no ring)
HPRegen 0.32/turn    (no ring)
MPRegen 0.13/turn

%: no passive effects
@: berserking (expiring), lethally poisoned (-1 -> -17), very quick
A: high MP 1, forlorn, divine attributes
a: no special abilities


You were on level 5 of the Dungeon.
You visited 2 branches of the dungeon, and saw 6 of its levels.

You collected 404 gold pieces.
You spent 380 gold pieces at shops.

Inventory:

Hand Weapons
 a - a +0 sling
 b - a +2 short sword of draining (weapon)
 u - a +3 dagger of speed
Missiles
 g - 4 curare-tipped darts
Armour
 e - a +2 pair of gloves (worn)
 i - a +0 leather armour (worn)
 m - the scarf "Saebloaz" {repulsion, rCorr MP-9 Dex+4}
   (You found it on level 3 of the Dungeon)

   Dex:       It affects your dexterity (+4).
   MP:        It affects your magic capacity (-9).
   rCorr:     It protects you from acid and corrosion.
Jewellery
 d - a ring of ice
Wands
 t - a wand of flame (9)
Scrolls
 c - a scroll of blinking
 f - a scroll of enchant armour
 l - a scroll of teleportation
 x - a scroll of fog
Potions
 h - a potion of ambrosia {unknown}
 j - a potion of resistance {unknown}
 k - a potion of lignification
 n - 3 potions of might
 o - 2 potions of haste
 p - a potion of mutation {unknown}
 q - 2 potions of brilliance {unknown}
 r - a potion of heal wounds {unknown}
 s - a potion of berserk rage
 v - 2 potions of curing
 w - a potion of flight


   Skills:
 - Level 3.0 Fighting
 - Level 3.0 Long Blades
 + Level 3.1 Ranged Weapons
 - Level 1.0 Throwing
 - Level 1.0 Armour
 - Level 3.0 Dodging
 - Level 3.0 Spellcasting
 - Level 3.0 Translocations


You had 9 spell levels left.
You knew the following spells:

 Your Spells              Type           Power      Damage    Failure   Level
a - Blink                 Tloc           34%        N/A       6%          2

Your spell library contained the following spells:

 Spells                   Type           Power      Damage    Failure   Level
 Lesser Beckoning         Tloc           34%        N/A       6%          2
 Gell's Gravitas          Tloc           17%        N/A       13%         3
 Teleport Other           Tloc           17%        N/A       13%         3
 Sandblast                Erth           6%         2d5       14%         1
 Passwall                 Tmut/Erth      2%         N/A       22%         2
 Vhi's Electric Charge    Tloc/Air       20%        N/A       24%         3
 Volatile Blastmotes      Fire/Tloc      20%        2d11      24%         3
 Manifold Assault         Tloc           17%        N/A       38%         4
 Dazzling Flash           Conj/Hex       6%         N/A       41%         3
 Hailstorm                Conj/Ice       3%         3d3       41%         3
 Stone Arrow              Conj/Erth      6%         3d7       41%         3
 Iskenderun's Mystic Bla  Conj/Tloc      10%        2d4       61%         4
 Ice Form                 Ice/Tmut       3%         N/A       82%         4
 Dispersal                Tloc           8%         N/A       100%        6
 Simulacrum               Ice/Necr       1%         N/A       100%        6
 Starburst                Conj/Fire      1%         6d3       100%        6


Dungeon Overview and Level Annotations

Branches:
Dungeon (5/15)             Temple (1/1) D:4

Shops:
D:1 :   D:4 !


Innate Abilities, Weirdness & Mutations

You have an increased reservoir of magic. (+10% MP)
You shall have no god before yourself.
Your divine heritage dramatically boosts your attributes as you level up.


Message History

The killer bee poisons you!
You barely miss the killer bee.
You feel sick. The killer bee stings you.
You are more poisoned.
The killer bee poisons you!
You closely miss the killer bee.
You feel sick. The killer bee barely misses you.
You barely miss the killer bee.
You feel sick. The killer bee barely misses you. The killer bee misses you.
You miss the killer bee.
You feel sick.
The killer bee stings you but does no damage.
You puncture the killer bee!
The killer bee is heavily wounded.
You feel sick. The killer bee stings you!
* * * LOW HITPOINT WARNING * * *
You are lethally poisoned!
The killer bee poisons you!
You puncture the killer bee!
You kill the killer bee!
* * * LOW HITPOINT WARNING * * *
You feel very sick.
Your Ranged Weapons skill increases to level 3!
You hit the killer bee.
The killer bee is moderately wounded.
* * * LOW HITPOINT WARNING * * *
You feel sick. The killer bee closely misses you.
You are too berserk!
You miss the killer bee.
The killer bee is moderately wounded.
* * * LOW HITPOINT WARNING * * *
You feel sick. The killer bee closely misses you. The killer bee stings you.
* * * LOW HITPOINT WARNING * * *
You are more poisoned.
The killer bee poisons you!
You hit the killer bee. You drain the killer bee.
The killer bee is almost dead.
* * * LOW HITPOINT WARNING * * *
You feel very sick.
You are too berserk!
You are too berserk!
You die...

#.. #..# #..## ##.##
#..## ##.##
#...###..#
####......##
##....#....##
##......###..# #
###.......# ##.###
##@........# #..##
#####..##......#
##.#.
)#####.ysy###.......#
##.. #......yy##
#.......# ##..
........## #.......#
#... .......##
#.......# #...
....... #.<....##
#.... #...... .....#
#..... ....... #.....


You could see a scorpion and 3 killer bees.

Vanquished Creatures
  2 scorpions (D:4)
  A killer bee (D:5)
  A hound (D:4)
  Jessica (D:2)
  3 orc wizards
  2 adders (D:4)
  A shadow imp (D:5)
  An ufetubus (D:5)
  A worm (D:2)
  A dart slug (D:4)
  12 orcs
  10 ball pythons
  8 bats
  9 endoplasms
  4 giant cockroaches
  4 goblins
  2 hobgoblins
  5 kobolds
  3 quokkas
  3 frilled lizards
  4 rats
78 creatures vanquished.

Notes
Turn   | Place    | Note
-------+----------+-------------------------------------------
     0 | D:1      | Gabide the Demigod Warper began the quest for the Orb.
     0 | D:1      | Reached XP level 1. HP: 17/17 MP: 5/5
   101 | D:1      | Found Vemuoch's Book Shoppe.
   112 | D:1      | Reached skill level 1 in Throwing
   112 | D:1      | Reached skill level 1 in Armour
   285 | D:1      | Reached XP level 2. HP: 11/24 MP: 7/7
   652 | D:1      | Learned a level 2 spell: Blink
   915 | D:2      | Noticed Jessica
   936 | D:2      | Killed Jessica
   937 | D:2      | Reached XP level 3. HP: 16/29 MP: 8/8
  1697 | D:3      | Identified the scarf "Saebloaz" {repulsion, rCorr MP-9
                  | Dex+4}
  1940 | D:3      | Reached XP level 4. HP: 37/37 MP: 1/10
  3090 | D:4      | Found a staircase to the Ecumenical Temple.
  3140 | Temple   | Entered the Ecumenical Temple
  3496 | D:4      | Reached XP level 5. HP: 25/44 MP: 12/12
  4011 | D:4      | Found Osenkoo's Distillery.
  4081 | D:4      | Reached skill level 1 in Ranged Weapons
  4176 | D:4      | Reached XP level 6. HP: 16/51 MP: 13/13
  4305 | D:4      | Bought a potion of berserk rage for 50 gold pieces
  4305 | D:4      | Bought a potion of might for 40 gold pieces
  4305 | D:4      | Bought a potion of haste for 100 gold pieces
  4305 | D:4      | Bought a potion of haste for 100 gold pieces
  4305 | D:4      | Bought a potion of curing for 30 gold pieces
  4305 | D:4      | Bought a potion of flight for 30 gold pieces
  4305 | D:4      | Bought a potion of curing for 30 gold pieces
  4487 | D:5      | Entered Level 5 of the Dungeon
  4681 | D:5      | HP: 1/76 [poisoned by a killer bee]
  4682 | D:5      | Succumbed to a killer bee's poison

Illustrated notes

Levels and vault maps discovered:
D:1:      dpeg_arrival_arbitrary_c, layout_rooms, serial_shops, shop_statue
D:2:      minmay_chambers_of_twos, layout_basic, uniq_jessica
D:3:      layout_loops_corners
D:4:      layout_basic, minmay_temple_entry_fiery, st_stairs_8,
          kennysheep_windowed_goal
D:5:      layout_cave_pods, kennysheep_mini
Temple:   nicolae_temple_bog_church

Skill      XL: |  1  2  3  4  5  6 |
---------------+-------------------+-----
Throwing       | 1 |  1.0
Armour         | 1 |  1.0
Dodging        | 2 3 |  3.0
Spellcasting   | 2 3 |  3.0
Fighting       | 2 3 |  3.0
Long Blades    | 2 3 |  3.0
Translocations | 3 |  3.0
Ranged Weapons | 2 3 |  3.1

Action                     |  1- 3 |  4- 6 || total
---------------------------+-------+-------++-------
  Melee: Falchion          |    54 |       ||    54
         Punch             |     3 |     1 ||     4
         Dagger            |   118 |   110 ||   228
         Short sword       |       |    81 ||    81
   Fire: Sling             |       |    35 ||    35
  Throw: Boomerang         |     4 |     3 ||     7
         Throwing net      |     1 |       ||     1
   Cast: Blink             |       |     3 ||     3
    Use: Scroll            |     6 |     4 ||    10
         Potion            |       |     4 ||     4
   Stab: Sleeping          |     2 |     1 ||     3
 Armour: Leather armour    |    41 |    49 ||    90
         Skin              |       |     6 ||     6
  Dodge: Dodged            |    91 |    93 ||   184
